 Dungeon Crawl Stone Soup version 0.17.0-28-g6e173f8 (webtiles) character file.

7292 dohliylev the Unseen (level 10, -2/74 HPs)
             Began as a Vampire Assassin on Nov 27, 2015.
             Was an Elder of Dithmenos.
             Slain by a komodo dragon (30 damage)
             ... on level 9 of the Dungeon.
             The game lasted 01:28:20 (11320 turns).

dohliylev the Unseen (Vampire Assassin)            Turns: 11320, Time: 01:28:21

Health: -2/74      AC:  5    Str: 10    XL:     10   Next: 89%
Magic:  7/10       EV: 20    Int: 14    God:    Dithmenos [****..]
Gold:   635        SH:  0    Dex: 19    Spells: 0 memorised, 9 levels left

rFire  . . .     SeeInvis +     E - +6 dagger (vamp)
rCold  . . .     Clarity  .     c - +0 robe
rNeg   + . .     SustAt   .     (no shield)
rPois  .         Gourm    .     (no helmet)
rElec  .         Spirit   .     d - +0 cloak
rCorr  .         Warding  .     (no gloves)
rMut   .         Stasis   .     H - +0 pair of boots
MR     +....                    e - amulet of faith
Stlth  ++++++++++               K - +1 ring of protection
                                l - ring of stealth

@: about to teleport, wreathed by umbra, somewhat resistant to hostile
enchantments, uncannily stealthy
A: fangs 3, see invisible, unbreathing
a: Bat Form, Shadow Step, Renounce Religion


You were on level 9 of the Dungeon.
You worshipped Dithmenos.
Dithmenos was greatly pleased with you.
You were not thirsty.

You visited 2 branches of the dungeon, and saw 10 of its levels.
You also visited: Ossuary and Bailey.

You collected 635 gold pieces.

Inventory:

Hand Weapons
 b - a +0 blowgun
 E - a +6 vampiric dagger (weapon)
Missiles
 f - 2 curare-tipped needles
 v - 4 throwing nets (quivered)
 P - 25 poisoned needles
Armour
 c - a +0 robe (worn)
 d - a +0 cloak (worn)
 H - a +0 pair of boots (worn)
 J - a +0 shield
Jewellery
 a - an uncursed ring of positive energy
 e - an amulet of faith (around neck)
 l - a ring of stealth (left hand)
 t - an uncursed amulet of guardian spirit
 x - an uncursed ring of sustain attributes
 K - a +1 ring of protection (right hand)
Wands
 i - a wand of disintegration (7)
 n - a wand of confusion (13)
 C - a wand of heal wounds (0)
 G - a wand of draining (9)
 L - a wand of draining (7)
 M - a wand of frost (15)
Scrolls
 j - 3 scrolls of enchant armour
 k - 2 scrolls of fog
 m - 3 scrolls of teleportation
 r - a scroll of blinking
 s - 2 scrolls of fear
 y - a scroll of remove curse
 A - a scroll of recharging {unknown}
 B - a scroll of noise {unknown}
 D - a scroll of acquirement {unknown}
 F - 2 scrolls of amnesia {unknown}
 Q - a scroll of magic mapping
Potions
 g - 17 potions of blood
 h - a potion of degeneration {unknown}
 o - 3 potions of brilliance {unknown}
 p - a potion of lignification {unknown}
 q - a potion of ambrosia {unknown}
 w - 3 potions of heal wounds {unknown}
 z - 5 potions of curing {unknown}
 I - a potion of agility {unknown}
 O - a potion of mutation {unknown}
Books
 N - a book of Annihilations

   Spells                             Type                      Level
   a - Poison Arrow                   Conjuration/Poison           6
   b - Chain Lightning                Conjuration/Air              8
   c - Lehudib's Crystal Spear        Conjuration/Earth            8
   d - Glaciate                       Conjuration/Ice              9
   e - Fire Storm                     Conjuration/Fire             9
Miscellaneous
 u - a legendary deck of defence


   Skills:
 + Level 5.5 Fighting
 + Level 5.5 Short Blades
 + Level 4.7 Throwing
 + Level 9.4 Dodging
 * Level 16.9 Stealth
 + Level 0.1 Shields
 + Level 0.1 Invocations


You had 9 spell levels left.
You didn't know any spells.

Dungeon Overview and Level Annotations

Branches:
Dungeon (9/15)             Temple (1/1) D:5            Lair (0/8) D:9
    Orc (0/4) D:9

Altars:
Ashenzari
Cheibriados
Dithmenos
Elyvilon
Fedhas
Gozag
Kikubaaqudgha
Makhleb
Nemelex Xobeh
Okawaru
Qazlal
Ru
Sif Muna
Trog
Vehumet
Xom
Yredelemnul
Zin
The Shining One

Shops:
D:4 !

Annotations:
D:4 Menkaure; attackplan's ghost, amateur HOGl
D:5 attackplan's ghost, amateur HOGl


Innate Abilities, Weirdness & Mutations

You have razor-sharp teeth.
You have supernaturally acute eyesight.
You can survive without breathing.


Message History

You hit the komodo dragon.
You feel better.
The komodo dragon is lightly wounded.
The komodo dragon completely misses you.
You barely miss the komodo dragon.
The komodo dragon is lightly wounded.
The komodo dragon bites you!!
You closely miss the komodo dragon.
You bite the komodo dragon, but do no damage.
The komodo dragon is lightly wounded.
You hit the komodo dragon but do no damage.
The komodo dragon is lightly wounded.
The komodo dragon bites you!!
You hit the komodo dragon.
The komodo dragon is moderately wounded.
The komodo dragon misses you.
The komodo dragon completely misses you.
Okay, then.
As you read the scroll of teleportation, it crumbles to dust.
You feel strangely unstable. The komodo dragon bites you!!
You die...

######).......##.##
............###...##
######.#######....P##
######......#.....PP#
.......#.####....PPP#
####.#.........PPPPP#
#(#.####....PPPPP#
#>#.# #....PPPPP#
#.#.# ##..PP@..P#
#.#.# #..PP.l.P#
#.#.# ##.PP...P#
#.#.#


#..PPPPP# #.#.# ##PPPPP## #.#.############# ####.#........# .....#.########
####.#.# You could see a komodo dragon.

Vanquished Creatures
  A deep elf knight (Bailey)
  Pikel (D:8)
  A deep elf priest (Bailey)
  5 deep elf magi
  Eustachio (D:4)
  A hungry ghost (D:8)
  A steam dragon (D:8)
  A water moccasin (D:8)
  5 deep elf fighters (Bailey)
  3 sky beasts
  An eye of draining (D:9)
  5 ogres
  3 orc warriors
  A black bear (D:9)
  4 ice beasts
  4 centaurs
  9 giant frogs
  A gnoll sergeant (D:6)
  3 scorpions
  6 wights
  2 giant frog zombies
  A crimson imp (D:6)
  4 orc priests
  3 hounds
  3 orc wizards
  2 centaur skeletons
  3 jellies
  A quasit (D:8)
  4 iguanas
  7 worker ants
  A statue (D:8)
  A big kobold zombie (Ossuary)
  2 hound zombies
  A hound skeleton (D:7)
  6 adders
  13 gnolls
  A shadow imp (D:7)
  An ooze (D:7)
  3 adder zombies
  2 adder skeletons
  3 worms
  2 giant geckos
  37 orcs
  3 ball pythons
  4 bats
  8 goblins
  4 hobgoblins
  4 kobolds
  4 quokkas
  4 giant cockroaches
  A giant gecko skeleton (D:7)
  A giant gecko zombie (D:5)
  7 giant newts
  2 goblin zombies
  7 hobgoblin zombies (Ossuary)
  20 jackals
  3 kobold zombies (Ossuary)
  3 orc zombies (Ossuary)
  4 rats
  2 rat zombies (D:8)
241 creatures vanquished.

Vanquished Creatures (others)
  2 slaves (D:8)
  A giant frog (D:8)
  A jelly (D:8)
  2 orc priests (D:8)
  An orc (D:8)
  A quokka (D:8)
  A quokka skeleton (D:8)
9 creatures vanquished.

Grand Total: 250 creatures vanquished

Notes
Turn   | Place    | Note
--------------------------------------------------------------
     0 | D:1      | dohliylev the Vampire Assassin began the quest for the Orb.
     0 | D:1      | Reached XP level 1. HP: 16/16 MP: 1/1
    76 | D:1      | Reached skill level 6 in Stealth
   230 | D:1      | Reached XP level 2. HP: 17/22 MP: 2/2
   376 | D:1      | Reached skill level 7 in Stealth
   386 | D:1      | Reached XP level 3. HP: 17/27 MP: 3/3
   993 | D:2      | Reached XP level 4. HP: 20/33 MP: 4/4
  1455 | D:2      | Found a shattered altar of Ashenzari.
  1458 | D:2      | Found a bloodstained altar of Trog.
  1468 | D:2      | Found an opulent altar of Gozag.
  1471 | D:2      | Found a shadowy altar of Dithmenos.
  1475 | D:2      | Became a worshipper of Dithmenos the Shadowed
  2151 | D:3      | Reached skill level 8 in Stealth
  2151 | D:3      | Reached XP level 5. HP: 38/38 MP: 5/5
  2289 | D:3      | Reached * piety under Dithmenos
  2830 | D:4      | Reached skill level 9 in Stealth
  3165 | D:4      | Found Gero's Distillery.
  3176 | D:4      | Noticed attackplan's ghost (amateur HOGl)
  3178 | D:4      | Reached XP level 6. HP: 44/44 MP: 6/6
  3278 | D:4      | Noticed an ogre
  3285 | D:4      | Killed an ogre
  3614 | D:4      | Noticed an orc warrior
  3622 | D:4      | Noticed Menkaure
  3694 | D:4      | Killed an orc warrior
  3694 | D:4      | Reached skill level 10 in Stealth
  3694 | D:4      | Reached XP level 7. HP: 8/51 MP: 2/7
  4188 | D:4      | Noticed an ogre
  4212 | D:4      | Noticed Eustachio
  4221 | D:4      | Killed Eustachio
  4233 | D:4      | Killed an ogre
  4233 | D:4      | Reached skill level 5 in Dodging
  4260 | D:4      | Reached ** piety under Dithmenos
  4387 | D:5      | Entered Level 5 of the Dungeon
  4525 | D:5      | Found a staircase to the Ecumenical Temple.
  4544 | Temple   | Entered the Ecumenical Temple
  5018 | D:5      | Reached skill level 11 in Stealth
  5018 | D:5      | Reached XP level 8. HP: 30/58 MP: 8/8
  5820 | D:6      | Reached skill level 12 in Stealth
  6884 | D:7      | Reached XP level 9. HP: 65/65 MP: 4/9
  7120 | D:7      | Reached skill level 13 in Stealth
  7224 | D:7      | Reached *** piety under Dithmenos
  8478 | D:8      | Reached skill level 14 in Stealth
  8581 | D:8      | Found a flagged portal.
  8587 | Bailey   | Entered a bailey
  8611 | Bailey   | Reached skill level 5 in Short Blades
  8636 | Bailey   | Reached skill level 15 in Stealth
  8636 | Bailey   | Reached XP level 10. HP: 73/73 MP: 10/10
  8642 | Bailey   | Reached skill level 5 in Fighting
  8754 | Bailey   | Noticed a deep elf knight
  8758 | Bailey   | Killed a deep elf knight
  8803 | Bailey   | Reached skill level 16 in Stealth
  8851 | D:8      | Found a sand-covered staircase.
  8860 | D:8      | Noticed Pikel
  8863 | Ossuary  | Entered an ossuary
  8901 | Ossuary  | Reached **** piety under Dithmenos
  8931 | Ossuary  | Noticed ConnectionFaild's ghost (novice SpHu)
  9283 | Ossuary  | HP: 1/74 [ConnectionFaild's ghost (7)]
  9453 | D:8      | Killed Pikel
  9471 | D:8      | Found a radiant altar of Vehumet.
 10505 | D:9      | Found a staircase to the Orcish Mines.
 10753 | D:9      | Found a staircase to the Lair.
 11028 | D:9      | Reached ***** piety under Dithmenos
 11320 | D:9      | Slain by a komodo dragon

Action                   |  1- 3 |  4- 6 |  7- 9 | 10-12 || total
-------------------------+-------+-------+-------+-------++-------
Melee: Dagger            |    75 |   210 |   519 |   170 ||   974
 Fire: Blowgun           |    10 |    32 |    57 |    64 ||   163
Throw: Tomahawk          |       |       |     6 |    21 ||    27
       Throwing net      |       |       |       |     1 ||     1
Invok: Shadow Step       |       |       |     2 |     1 ||     3
 Abil: End Transformatio |       |     2 |     9 |     2 ||    13
       Bat Form          |       |     2 |     9 |     2 ||    13
Evoke: Wand              |       |       |       |     1 ||     1
  Use: Potion            |     3 |     9 |     8 |     8 ||    28
       Scroll            |       |       |     7 |     9 ||    16
 Stab: Sleeping          |    13 |    16 |    33 |    22 ||    84
       Distracted        |       |       |     2 |     5 ||     7
  Eat: Corpse            |     5 |       |     2 |       ||     7
